Yorrick, neutral male human Tourist ---------- ..>....... ------ -------------- # |........| -------------- |....| |............|####-......... ....{........-# |....| |............-# |......).| ###|.....#......|## #.....| |............|# --.-------#######-............+# #------ |............. ############## ### |............|# #### -.--.--------- `############# -............|# # ##f ### --------------# # @ #### # # k# # # # # -G- #` ### # |... # # |..... ### # |\..... # -------# ------- ### |.....-# # |....<| ##-.....| ------- Yorrick the Rambler Experience level: 2 Strength: 13 Dexterity: 10 Constitution: 15 Intelligence: 13 Wisdom: 8 Charisma: 18 Health: 0(20) Energy: 8(8) Def: 7 Gold: 185 Moves: 2525 Dungeon seed: scdGFvOtWaiR7weO Game ID: Yorrick_1446735150 Your Inventory: Coins $ - 185 gold pieces Amulets I - an uncursed amulet of magical breathing (being worn) Weapons a - an uncursed +0 katana (weapon in hand) c - 39 uncursed +0 darts M - 25 uncursed +2 darts (in quiver) Armor e - an uncursed +0 banded mail (being worn) z - an uncursed +0 alchemy smock (being worn) Comestibles f - 2 uncursed eggs g - an uncursed apple o - an uncursed tripe ration X - an uncursed carrot Rings A - an uncursed ring of polymorph control named b.U Wands q - a blessed wand of sleep (0:7) G - an uncursed wand of probing (0:3) V - an uncursed wand of speed monster (0:2) Tools b - an uncursed bag of holding k - an uncursed credit card l - an uncursed expensive camera (0:63) w - an uncursed tin whistle L - an uncursed sack Gems n - an uncursed worthless piece of red glass r - an uncursed worthless piece of violet glass Contents of the bag of holding: 724 gold pieces a cursed amulet of restful sleep a cursed amulet of restful sleep named b.C a cursed amulet of strangulation named b.C 25 uncursed +0 darts an uncursed +0 orcish dagger an uncursed poisoned +0 dart 6 uncursed food rations a blessed scroll of create monster an uncursed scroll of identify an uncursed scroll of teleportation an uncursed spellbook of detect treasure a cursed potion of booze an uncursed potion of levitation an uncursed worthless piece of white glass Spells and supernatural/magical abilities: Name Level Category Fail Memory W - pray for help -- divine ? -- Your skills at the end: Fighting Skills wands [Basic] Weapon Skills dart [Basic] Spellcasting Skills Final Attributes: You were fervently aligned. You were poison resistant. You were acid resistant. You could survive without air. You are dead. Vanquished creatures: a rock piercer 3 giant ants a kobold lord a giant bat 4 dwarf zombies a wererat 2 coyotes 3 manes a yellow mold a red mold 4 garter snakes 2 geckos 4 jackals 2 foxes 3 kobolds a goblin 9 grid bugs a bat 3 lichens 2 kobold zombies 5 newts 54 creatures vanquished. Voluntary challenges: You were an atheist. You used a wielded weapon 13 times, starting on turn 1296. You read items or engraved 12 times, starting on turn 11. You never genocided any monsters. You never polymorphed an object. You never changed form. You used no wishes. You never split a pudding. You wrote Elbereth's name 9 times, starting on turn 12. You never violated your personal moral code. Dungeon overview: The Dungeons of Doom: levels 1 to 8 Level 1 a long staircase Level 2 a jewelry store, some fountains Level 3 (FirstStash) a general store Level 4 a fountain, a sink Level 5 some fountains, a sink Level 6 a fountain Level 7 <- You were here a fountain, a sink, a throne Level 8 History has recorded: On T:1 you entered the Dungeons of Doom to retrieve the Amulet of Yendor! On T:188 you reached level 2 of The Dungeons of Doom. On T:317 you reached level 3 of The Dungeons of Doom. On T:1043 you reached level 4 of The Dungeons of Doom. On T:1234 you reached level 5 of The Dungeons of Doom. On T:1749 you advanced to experience level 2. On T:1799 you reached level 6 of The Dungeons of Doom. On T:1941 you reached level 7 of The Dungeons of Doom. On T:2436 you reached level 8 of The Dungeons of Doom. Score breakdown: Gold: 16 ( 4185 points) Experience: 2 levels ( 5570 points) Exploration: 8 levels ( 15.38%) (11114 points) Discoveries: 3 items ( 1.00%) ( 2995 points) Valuables value: (no points given unless you survive) Artifact value: 0 ( 0 points) Variety of kills: 21 monsters ( 5.48%) ( 7024 points) Turncount: 2525 turns ( -345 points) Survival: died (score multiplied by 80%) Total score: 24434 Latest messages: The door resists! You hit the kobold lord. You miss the kobold lord. The kobold lord hits! You miss the kobold lord. (2x) The kobold lord misses. The gnomish wizard casts a spell! You hit the kobold lord! You miss the kobold lord. The kobold lord hits! You miss the kobold lord. You kill the kobold lord! You miss the kobold shaman. You hit the kobold shaman. You miss the kobold shaman. You hit the kobold shaman. You miss the kobold shaman. (2x) The kobold shaman casts a spell! The force bolt hits you! You die... The sack is empty. The sack is empty. Final status: Aloha Yorrick the Tourist, killed by a kobold shaman's force bolt... You died in The Dungeons of Doom on dungeon level 7 with 24434 points, and 909 pieces of gold, after 2525 moves. You were level 2 with a maximum of 20 hit points when you died.